 Dungeon Crawl Stone Soup version 0.28.0-45-g0d030f2227 (webtiles) character file.

Game seed: 11390598388053079093

9286 jimonade the Thaumaturge (level 11, -4/78 HPs)
             Began as a Djinni Ice Elementalist on Apr 8, 2022.
             Was a Believer of Makhleb.
             Slain by Erolcha
             ... wielding a +0 giant club
              (20 damage)
             ... on level 9 of the Dungeon on Apr 9, 2022.
             The game lasted 00:54:36 (11933 turns).

jimonade the Thaumaturge (Djinni Ice Elementalist) Turns: 11933, Time: 00:54:36

Health: -4/78      AC: 11    Str: 17    XL:     11   Next: 71%
Gold:   553        EV: 13    Int: 20    God:    Makhleb [**....] SH:  9 Dex: 21

rFire   + + .      SeeInvis .   t - +5 long sword "Jommoxt" {freeze, rElec rC+ rN+}
rCold   . . .      Faith    .   c - +0 kite shield
rNeg    + . .      Spirit   .   G - +2 leather armour of the Stone Wall {Str+6 Dex+7}
rPois   ∞          Reflect  .   h - +2 helmet {Int+3}
rElec   +          Harm     .   (no cloak)
rCorr   .          Rampage  .   Q - +2 pair of gloves
Will    +....                   (boots unavailable)
Stlth   ++........              (no amulet)
HPRegen 0.23/turn               (no ring)
MPRegen 0.00/turn               (no ring)

@: flying
A: sickness immunity, fire resistance 2, cold vulnerability 1, float, innate
caster, HP casting, extra vitality 1
a: Renounce Religion, Minor Destruction


You were on level 9 of the Dungeon.
You worshipped Makhleb.
Makhleb was pleased with you.
You visited 2 branches of the dungeon, and saw 10 of its levels.

You collected 553 gold pieces.

Inventory:

Hand Weapons
 b - a +2 spear of venom
 r - a +4 whip of electrocution
 s - the +9 hunting sling of Annihilation {freeze, rF+}
   (You found it on level 8 of the Dungeon)

   Any ammunition fired from it freezes those it strikes, dealing additional
   cold damage.
   It can also slow down cold-blooded creatures.
   rF:        It protects you from fire.
 t - the +5 long sword "Jommoxt" (weapon) {freeze, rElec rC+ rN+}
   (You found it on level 7 of the Dungeon)

   It freezes those it strikes, dealing additional cold damage.
   It can also slow down cold-blooded creatures.
   rC:        It protects you from cold.
   rElec:     It insulates you from electricity.
   rN:        It protects you from negative energy.
 y - a +2 flail of protection
 z - a +2 vorpal spear
Missiles
 k - 148 arrows
 l - 22 sling bullets
 n - a throwing net
 o - 8 boomerangs
 q - 233 stones
 v - 9 poisoned darts
 w - 65 bolts
 D - 4 datura-tipped darts
 N - a boomerang of dispersal
Armour
 a - a +0 robe
 c - a +0 kite shield (worn)
 d - a +1 ring mail of fire resistance
 h - a +2 helmet of intelligence (worn)
 G - the +2 leather armour of the Stone Wall (worn) {Str+6 Dex+7}
   (You found it on level 6 of the Dungeon)

   Str:       It affects your strength (+6).
   Dex:       It affects your dexterity (+7).
 M - a scarf of harm
 O - the +3 leather armour of Zejowu {Harm +Inv Dex+4}
   (You found it on level 6 of the Dungeon)

   Dex:       It affects your dexterity (+4).
   +Inv:      It lets you turn invisible.
   Harm:      It increases damage dealt and taken.
 Q - a +2 pair of gloves (worn)
Magical Staves
 i - a staff of poison
Wands
 x - a wand of digging (8)
 B - a wand of polymorph (13)
 I - a wand of flame (21)
 J - a wand of acid (12)
 K - a wand of mindburst (12)
Scrolls
 e - a scroll of magic mapping {unknown}
 j - a scroll of fear {unknown}
 p - a scroll of silence {unknown}
 F - a scroll of blinking {unknown}
 R - a scroll of holy word {unknown}
Potions
 f - 4 potions of curing
 g - a potion of degeneration {unknown}
 A - 5 potions of haste
 H - a potion of ambrosia {unknown}


   Skills:
 * Level 6.5 Fighting
 + Level 1.9(3.2) Short Blades
 + Level 4.0(4.2) Long Blades
 + Level 1.0 Maces & Flails
 + Level 3.4 Polearms
 + Level 3.4 Armour
 - Level 5.7 Dodging
 - Level 1.6 Stealth
 + Level 2.0 Shields
 + Level 10.7 Spellcasting


You had 7 spell levels left.
You knew the following spells:

 Your Spells              Type           Power      Damage    Failure   Level
a - Freeze                Ice            100%       1d11      1%          1
b - Frozen Ramparts       Ice            100%       1d12      1%          3
c - Ozocubu's Armour      Ice            52%        N/A       1%          3
d - Hailstorm             Conj/Ice       52%        3d12      3%          4
e - Foxfire               Conj/Fire      100%       2x1d9     1%          1
f - Static Discharge      Conj/Air       52%        N/A       1%          2
g - Tukima's Dance        Hex            52%        N/A       1%          3
h - Conjure Flame         Conj/Fire      52%        6-21      1%          3
i - Cause Fear            Hex            26%        N/A       3%          4
Your spell library was empty.

Dungeon Overview and Level Annotations

Branches:
Dungeon (9/15)             Temple (1/1) D:7
   Lair: D:8-11         Orc: D:9-12

Altars:
Ashenzari
Cheibriados
Dithmenos
Fedhas
Hepliaklqana
Makhleb
Nemelex Xobeh
Okawaru
Uskayaw
Vehumet
Xom
Yredelemnul
The Shining One
Beogh

Shops:
D:3 *   D:7 =

Annotations:
D:9 Erolcha


Innate Abilities, Weirdness & Mutations

You are immune to sickness and miasma.
You are immune to poison.
Your flesh is very heat resistant. (rF++)
You are vulnerable to cold. (rC-)
You float through the air rather than walking.
You learn spells naturally, not from books.
Your magical power is your life essence.
You have superior vitality. (+4 MHP)


Message History

The hog is severely wounded.
Your surroundings suddenly seem different.
Erolcha the Cunning comes into view.
She is wielding a +0 giant club.
Found 14 gold pieces.
Erolcha shouts!
Erolcha mumbles some strange words.
Erolcha flickers and vanishes!
Deactivating autopickup; reactivate with Ctrl-A.
Unknown command.
Press: ? - help, v - describe, . - travel The floor.
Unknown command.
Casting: Tukima's Dance (safe; 1% risk of failure)
Confirm with . or Enter, or press ? or * to list all spells.
Okay, then.
Unknown command.
Aiming: Mindburst
Press: ? - help, Shift-Dir - straight line Something's mind is blasted!
Casting: Tukima's Dance (safe; 1% risk of failure)
Confirm with . or Enter, or press ? or * to list all spells.
Okay, then.
That's the wrong kind of item! (Use * to select it.) Evoke which item? (* to show all) (? for menu, Esc to quit)
That's the wrong kind of item! (Use * to select it.) Evoke which item? (* to show all) (? for menu, Esc to quit)
Okay, then.
Unknown command.
Okay, then.
Unknown command.
Unknown command.
Unknown command.
You hear some strange, mumbled words.
Something tries to affect you, but you resist.
Something barely misses you.
You miss something. You block something's attack.
You closely miss something. Something hits you.
* * * LOW HITPOINT WARNING * * *
Something hits you!!
You die...

#########
........#
......^$#
........#
........#
........#
.......@#
......{.#
........#
........#
........#
##..#####
.... ...
..


There were no monsters in sight!

Vanquished Creatures
  Pikel (D:6)
  An ugly thing (D:9)
  A manticore (D:9)
  A gargoyle (D:6)
  Grinder (D:6)
  A troll (D:9)
  A wyvern (D:9)
  10 yaks (D:9)
  2 steam dragons
  Edmund (D:5)
  2 water moccasins
  6 orc warriors
  Duvessa (D:5)
  2 necrophages
  An ice beast (D:6)
  A sky beast (D:5)
  2 ogres
  4 centaurs
  A bullfrog (D:6)
  2 kobold brigands
  2 gnoll sergeants (D:7)
  2 scorpions
  A water moccasin skeleton (D:6)
  Dowan (D:5)
  9 killer bees
  2 wights (D:6)
  2 howler monkeys
  3 centaur zombies
  A bullfrog zombie (D:3)
  4 jellies
  6 orc priests
  4 hounds
  2 gnoll shamans
  3 iguanas
  A scorpion zombie (D:3)
  6 orc wizards
  2 killer bee zombies (D:6)
  A hound zombie (D:5)
  2 hound skeletons
  10 gnolls
  A howler monkey skeleton (D:7)
  10 adders
  A shadow imp (D:7)
  3 white imps
  An ufetubus (D:5)
  3 worms
  5 dart slugs
  36 orcs
  2 bats (D:2)
  6 endoplasms
  4 giant cockroaches
  13 goblins
  7 hobgoblins
  4 jackals (D:2)
  5 quokkas
  3 ball pythons
  4 frilled lizards
  5 kobolds
  4 rats
223 creatures vanquished.

Vanquished Creatures (collateral kills)
  A two-headed ogre (D:8)
  A steam dragon (D:8)
  2 orc warriors (D:8)
  A wight (D:6)
  6 gnolls
  An adder (D:6)
  2 orcs (D:8)
14 creatures vanquished.

Vanquished Creatures (others)
  7 dancing weapons
  140 foxfires
147 creatures vanquished.

Grand Total: 384 creatures vanquished

Notes
Turn   | Place    | Note
-------+----------+-------------------------------------------
     0 | D:1      | jimonade the Djinni Ice Elementalist began the quest for
                  | the Orb.
     0 | D:1      | Reached XP level 1. HP: 15/15 MP: 0/0
   354 | D:1      | Reached XP level 2. HP: 19/21 MP: 0/0
   861 | D:1      | Reached XP level 3. HP: 23/25 MP: 0/0
   861 | D:1      | Learned a level 1 spell: Foxfire
  1174 | D:1      | Found a faded altar of an unknown god.
  1270 | D:1      | Reached skill level 4 in Spellcasting
  1625 | D:2      | Reached XP level 4. HP: 27/31 MP: 0/0
  2498 | D:2      | Reached skill level 1 in Fighting
  2498 | D:2      | Reached XP level 5. HP: 27/37 MP: 0/0
  2498 | D:2      | Learned a level 2 spell: Static Discharge
  2929 | D:3      | Found an iron altar of Okawaru.
  3489 | D:3      | Found Rer Esh's Assorted Antiques.
  3612 | D:3      | Reached skill level 5 in Spellcasting
  3612 | D:3      | Reached XP level 6. HP: 33/42 MP: 0/0
  4061 | D:4      | Noticed an ogre
  4068 | D:4      | Killed an ogre
  4352 | D:4      | Reached XP level 7. HP: 46/49 MP: 0/0
  4352 | D:4      | Learned a level 3 spell: Tukima's Dance
  4524 | D:4      | Reached skill level 1 in Short Blades
  4779 | D:4      | Reached skill level 1 in Armour
  4898 | D:4      | Found a hazy altar of Hepliaklqana.
  5231 | D:5      | Entered Level 5 of the Dungeon
  5232 | D:5      | Noticed a water moccasin
  5234 | D:5      | Noticed Edmund
  5240 | D:5      | Killed a water moccasin
  5249 | D:5      | Killed Edmund
  5250 | D:5      | Reached skill level 6 in Spellcasting
  5250 | D:5      | Reached XP level 8. HP: 30/55 MP: 0/0
  5782 | D:5      | Noticed Duvessa
  5857 | D:5      | Noticed Dowan
  5879 | D:5      | Killed Duvessa
  5883 | D:5      | Killed Dowan
  6421 | D:5      | Reached skill level 1 in Polearms
  6502 | D:5      | Reached skill level 1 in Maces & Flails
  6502 | D:5      | Reached skill level 7 in Spellcasting
  6746 | D:6      | Reached XP level 9. HP: 40/61 MP: 0/0
  6746 | D:6      | Learned a level 3 spell: Conjure Flame
  7238 | D:6      | Noticed Pikel
  7249 | D:6      | Killed Pikel
  7253 | D:6      | Noticed Grinder
  7270 | D:6      | Killed Grinder
  7271 | D:6      | Reached skill level 8 in Spellcasting
  7492 | D:6      | Found a broken altar of Ashenzari.
  7730 | D:6      | Identified the +2 leather armour of the Stone Wall {Str+6
                  | Dex+7}
  7843 | D:6      | Reached XP level 10. HP: 57/69 MP: 0/0
  7964 | D:6      | Noticed a gargoyle
  8167 | D:6      | Killed a gargoyle
  8572 | D:6      | Identified the +3 leather armour of Zejowu {Harm +Inv
                  | Dex+4}
  8603 | D:7      | Reached skill level 9 in Spellcasting
  8631 | D:7      | Reached skill level 5 in Fighting
  8841 | D:7      | Found Iwekhlot's Jewellery Emporium.
  9294 | D:7      | Identified the +5 long sword "Jommoxt" {freeze, rElec rC+
                  | rN+}
  9341 | D:7      | Found a staircase to the Ecumenical Temple.
  9553 | Temple   | Entered the Ecumenical Temple
  9674 | Temple   | Became a worshipper of Makhleb the Destroyer
 10147 | D:8      | Reached skill level 5 in Dodging
 10159 | D:8      | Reached * piety under Makhleb
 10233 | D:8      | Reached skill level 1 in Long Blades
 10730 | D:8      | Identified the +9 hunting sling of Annihilation {freeze,
                  | rF+}
 10745 | D:8      | Noticed a two-headed ogre
 10758 | D:8      | Killed a two-headed ogre
 10759 | D:8      | Reached skill level 10 in Spellcasting
 10759 | D:8      | Reached XP level 11. HP: 60/76 MP: 0/0
 10759 | D:8      | Learned a level 4 spell: Cause Fear
 10986 | D:7      | Reached skill level 1 in Shields
 11295 | D:9      | Noticed a red ugly thing
 11317 | D:9      | Killed a red ugly thing
 11897 | D:9      | Reached ** piety under Makhleb
 11904 | D:9      | Noticed a manticore
 11912 | D:9      | Noticed a centaur warrior
 11918 | D:9      | Killed a manticore
 11921 | D:9      | Noticed a centaur warrior
 11922 | D:9      | Noticed a wizard
 11927 | D:9      | Noticed Erolcha
 11933 | D:9      | Slain by Erolcha

Illustrated notes

Levels and vault maps discovered:
D:1:      elethiomel_arrival_infinity_welcomes_careful_drivers,
          layout_loops_cross, hellmonk_ecumenical_altar_inner_sanctum,
          minmay_misc_feat_chi
D:2:      layout_loops_ring, kennysheep_nub, moated_statue
D:3:      layout_loops_ring, mainiacjoe_overflow_cross_hatched, serial_shops,
          nicolae_lakefront_shop, amethyst_killhole,
          hangedman_decor_diamond_cutter, chequers_big_river
D:4:      layout_loops_corners, mainiacjoe_overflow_concentric_impassable
D:5:      layout_basic, uniq_edmund, uniq_duvessa
D:6:      hangedman_cross_stitches, layout_basic, cheibrodos_ashenzari_chains,
          chequers_arboretum, uniq_grinder, uniq_pikel
D:7:      layout_loops_ring, minmay_temple_entry_waves, serial_shops,
          nicolae_shop_advertising_works [nicolae_subvault_shop_adworks],
          due_unseen_surprise
D:8:      layout_cave_pools, special_room [special_room_orc],
          lemuel_flame_loot_1
D:9:      minmay_the_grid_four_pointed_star_mashed
          [minmay_the_grid_triangle_9x9_zippers_horizontal,
          minmay_the_grid_triangle_9x9_semitri,
          minmay_the_grid_triangle_9x9_odd_lines,
          minmay_the_grid_triangle_9x9_impossible_snake,
          minmay_the_grid_prize_shrinking_boxes], layout_rooms, uniq_erolcha
Temple:   cyrus_temple_forest

Skill      XL: |  1  2  3  4  5  6  7  8  9 10 11 |
---------------+----------------------------------+-----
Spellcasting   | 4 5 6 7 8 10 | 10.7
Fighting       | 1 2 3 4 5 6 |  6.5
Dodging        | 3 4 5 |  5.7
Short Blades   | 1 |  1.9
Armour         | 1 2 3 |  3.4
Polearms       | 1 2 3 |  3.4
Maces & Flails | 1 |  1.0
Long Blades    | 1 4 |  4.0
Shields        | 2 |  2.0
Stealth        | |  1.6

Action                   |  1- 3 |  4- 6 |  7- 9 | 10-12 || total
-------------------------+-------+-------+-------+-------++-------
Melee: Dagger            |     9 |   120 |    28 |       ||   157
       Punch             |       |     2 |     4 |       ||     6
       Spear             |       |       |   131 |    37 ||   168
       Flail             |       |       |    15 |     5 ||    20
       Long sword        |       |       |       |   103 ||   103
Throw: Stone             |       |     1 |       |     1 ||     2
 Cast: Freeze            |    38 |     3 |       |       ||    41
       Foxfire           |     4 |    20 |    30 |    30 ||    84
       Frozen Ramparts   |     1 |    10 |    26 |    31 ||    68
       Static Discharge  |       |     4 |       |       ||     4
       Ozocubu's Armour  |       |     1 |     8 |    16 ||    25
       Tukima's Dance    |       |       |    10 |    30 ||    40
       Conjure Flame     |       |       |     3 |     4 ||     7
Evoke: Wand              |       |       |       |     1 ||     1
  Use: Scroll            |       |       |       |    10 ||    10
 Stab: Sleeping          |     1 |       |       |       ||     1
       Distracted        |       |       |       |     1 ||     1
Armor: Robe              |    11 |    28 |       |       ||    39
       Leather armour    |       |     9 |    53 |    51 ||   113
Dodge: Dodged            |    20 |    60 |    91 |    87 ||   258
Block: Kite shield       |       |       |       |    53 ||    53
